 Dungeon Crawl Stone Soup version 0.26.1-11-gd32895ea62 (webtiles) character file.

Game seed: 8186778930183710128

58 vvl the Insei (level 4, 0/28 HPs)
             Began as an Octopode Transmuter on July 12, 2021.
             Slain by a goblin
             ... wielding a +0 club
             ... led by Robin
              (3 damage)
             ... on level 3 of the Dungeon.
             The game lasted 00:03:07 (1946 turns).

vvl the Insei (Octopode Transmuter)                 Turns: 1946, Time: 00:03:07

Health: 0/28       AC:  1    Str: 10    XL:     4   Next: 1%
Magic:  7/7        EV: 14    Int: 15    God:
Gold:   88         SH:  0    Dex: 18    Spells: 6/7 levels left

rFire    . . .     SeeInvis .   g - +0 short sword (curse)
rCold    . . .     Faith    .   (no shield)
rNeg     . . .     Spirit   .   (helmet restricted)
rPois    .         Reflect  .   (no amulet)
rElec    .         Harm     .   k - +6 ring of dexterity
rCorr    .         Rampage  .   (no ring)
Will     .....                  (no ring)
Stlth    +++.......             (no ring)
HPRegen  0.09/turn              (no ring)
MPRegen  0.10/turn              (no ring)
                                (no ring)
                                (no ring)

@: lethally poisoned (0 -> -10)
A: almost no armour, stealthy swim, amphibious, 8 rings, constrict 8, camouflage
1, gelatinous body 1
a: no special abilities


You were on level 3 of the Dungeon.
You visited 1 branch of the dungeon, and saw 3 of its levels.

You collected 88 gold pieces.

Inventory:

Hand Weapons
 g - a cursed +0 short sword (weapon)
Jewellery
 k - a +6 ring of dexterity (left tentacle)
Scrolls
 b - a scroll of noise {unknown}
 e - 4 scrolls of identify {unknown}
 f - a scroll of immolation {unknown}
 h - 2 scrolls of teleportation {unknown}
 m - a scroll of amnesia {unknown}
Potions
 a - 2 potions of heal wounds {unknown}
 c - a potion of curing {unknown}
 d - a potion of mutation {unknown}
 i - a potion of berserk rage {unknown}
 j - a potion of resistance {unknown}
 l - a potion of attraction {unknown}


   Skills:
 + Level 1.4 Fighting
 + Level 2.3 Dodging
 * Level 3.5 Unarmed Combat
 + Level 2.3 Spellcasting
 * Level 2.6 Transmutations
 + Level 0.8 Ice Magic


You had 6 spell levels left.
You knew the following spells:

 Your Spells              Type           Power        Failure   Level
a - Beastly Appendage     Tmut           18%          8%          1

Your spell library contained the following spells:

 Spells                   Type           Power        Failure   Level
 Wereblood                Tmut           9%           11%         2
 Spider Form              Tmut/Pois      2%           36%         3
 Ice Form                 Ice/Tmut       6%           71%         4
 Blade Hands              Tmut           4%           90%         5


Dungeon Overview and Level Annotations

Branches:
Dungeon (3/15)

Altars:
Cheibriados
Vehumet

Portals:
Sewer: D:3

Annotations:
D:3 Grinder, Robin


Innate Abilities, Weirdness & Mutations

You cannot wear most types of armour.
You are very stealthy in the water. (Stealth+)
You are amphibious.
You can wear up to eight rings at the same time.
You can use your tentacles to constrict eight enemies at once.
Your skin changes colour to match your surroundings (Stealth+).
Your rubbery body absorbs attacks. (AC +1, EV +1)


Message History

The worker ant misses you.
A hobgoblin comes into view. It is wielding a +0 club.
You feel sick.
The hobgoblin shouts! x2
The goblin no longer looks unusually strong.
An adder comes into view.
The worker ant closely misses you. The goblin closely misses you.
An orc comes into view. It is wielding a +1 mace of holy wrath.
You feel sick.
The orc shouts!
You hear a shout!
The goblin closely misses you. The adder bites you.
* * * LOW HITPOINT WARNING * * *
You are lethally poisoned!
The adder poisons you! The adder bites you.
* * * LOW HITPOINT WARNING * * *
You are more poisoned.
The adder poisons you! The goblin hits you with a +0 club.
You die...

..........# ♣[..
..........## ♣.....
...........##♣...≈≈≈
.### .####gg#.......≈≈≈≈
.r.. ##...##...#..≈≈♣≈
..... ##r.rgg.og.#..≈≈≈≈
..... #.g..##+##.#...≈≈≈
....r.#.Bg.#S≈≈#g.......
...>..#S@..#BS≈#S...$.b.
!..........#S∩≈#..####..
.......<...#≈≈≈#og.#
...........#≈≈≈#o#.###
...........#####.....##
..>.....)...o.g..>.....#
............g.g....#.#5#
.......##.###.######...#
........o.# #... ...


You could see a worker ant, 4 adders, 2 orcs, a giant cockroach, 3 hobgoblins, 7
goblins and 2 rats.

Vanquished Creatures
  An adder (D:2)
  2 oozes (D:1)
  2 dart slugs (D:1)
  A leopard gecko (D:1)
  5 giant cockroaches
  5 goblins
  2 hobgoblins
  3 kobolds
  A quokka (D:2)
  5 bats
  2 frilled lizards (D:2)
  5 rats
34 creatures vanquished.

Notes
Turn   | Place    | Note
-------+----------+-------------------------------------------
     0 | D:1      | vvl the Octopode Transmuter began the quest for the Orb.
     0 | D:1      | Reached XP level 1. HP: 13/13 MP: 3/3
   265 | D:1      | Reached XP level 2. HP: 16/18 MP: 5/5
   807 | D:1      | Reached XP level 3. HP: 23/23 MP: 6/6
  1382 | D:2      | Found a radiant altar of Vehumet.
  1595 | D:2      | Reached XP level 4. HP: 22/28 MP: 7/7
  1719 | D:2      | Found a snail-covered altar of Cheibriados.
  1920 | D:3      | Found a glowing drain.
  1920 | D:3      | Noticed Robin
  1928 | D:3      | Noticed Grinder
  1946 | D:3      | Slain by a goblin

Illustrated notes

Levels and vault maps discovered:
D:1:      minmay_arrival_open_corners, layout_basic,
          chequers_serial_rivers_room_a, minmay_box_of_dots
D:2:      layout_rooms, general_overflow_altar, vehumet_crystals
D:3:      layout_rooms, elyvilon_altar_3, gammafunk_ghost_arena,
          gup_sewer_entry_glass, fountainhead, kennysheep_path_1, uniq_robin,
          uniq_grinder

Action                   |  1- 3 |  4- 6 || total
-------------------------+-------+-------++-------
Melee: Unarmed           |    64 |       ||    64
       Constrict         |    18 |       ||    18
       Tentacles         |    12 |       ||    12
       Punch             |     1 |       ||     1
       Short sword       |    11 |       ||    11
 Stab: Sleeping          |     9 |       ||     9
Armor: Skin              |     1 |       ||     1
Dodge: Dodged            |    36 |     7 ||    43
